EL
TENNESSEE SMOKIES @ SAN ANTONIO MISSIONS
06/05/2044
 
TOP OF THE 1ST
Tennessee Smokies batting - Pitching for San Antonio Missions : RHP Jordan Arredondo
Pitching: RHP Jordan Arredondo
Batting: LHB Brent Dutcher 0-0: Called Strike
0-1: Fly out, F8 (Line Drive, 8LD, EV 92.5 MPH)
Batting: RHB Vij Ramamani 0-0: Called Strike
0-1: Ball
1-1: Fly out, F4 (Flyball, 4MD, EV 71.9 MPH)
Batting: RHB Bobby Gray 0-0: Ground out 4-3 (Groundball, 4S, EV 84.4 MPH)
Top of the 1st over - 0 runs, 0 hits, 0 errors, 0 left on base; Tennessee 0 - San Antonio 0
BOTTOM OF THE 1ST
San Antonio Missions batting - Pitching for Tennessee Smokies : RHP Mike Borell
Pitching: RHP Mike Borell
Batting: LHB Tsutomu Miyahara 0-0: Ball
1-0: Ball
2-0: Ground out 4-3 (Groundball, 4, EV 88.1 MPH)
Batting: LHB Ryan Flynn Jr. 0-0: Ball
1-0: Ground out 4-3 (Groundball, 4, EV 104.4 MPH)
Batting: LHB Conrad Taylor 0-0: Ball
1-0: Foul Ball, location: 2F
1-1: Ball
2-1: Foul Ball, location: 2F
2-2: Ball
3-2: Base on Balls
Batting: RHB Kyle Davis 0-0: Ball
1-0: Swinging Strike
1-1: Swinging Strike
1-2: Ball
2-2: Ball
3-2: SINGLE (Groundball, 56D, EV 106.3 MPH)
Conrad Taylor to second
Conrad Taylor to third
Batting: RHB Scott Schwartz 0-0: Ball
1-0: Ball
2-0: Called Strike
2-1: Ball
3-1: Called Strike
3-2: Foul Ball, location: 2F
3-2: Fly out, F9 (Flyball, 9LS, EV 87.5 MPH)
Bottom of the 1st over - 0 runs, 1 hit, 0 errors, 2 left on base; Tennessee 0 - San Antonio 0
TOP OF THE 2ND
Tennessee Smokies batting - Pitching for San Antonio Missions : RHP Jordan Arredondo
Batting: LHB Brian Newton 0-0: Called Strike
0-1: SINGLE (Groundball, 4MD, EV 98.1 MPH)
Batting: RHB Nick Kleckner 0-0: Foul Ball, location: 2F
0-1: Foul Ball, location: 2F
0-2: Strikes out swinging
Batting: RHB Brian Warren 0-0: Ball
1-0: Called Strike
1-1: Swinging Strike
1-2: Strikes out swinging
Batting: SHB Rich Ranaldi 0-0: Ball
1-0: Ball
2-0: Ball
3-0: Foul Ball, location: 2F
3-1: Fly out, F7 (Flyball, 78M, EV 85.0 MPH)
Top of the 2nd over - 0 runs, 1 hit, 0 errors, 1 left on base; Tennessee 0 - San Antonio 0
BOTTOM OF THE 2ND
San Antonio Missions batting - Pitching for Tennessee Smokies : RHP Mike Borell
Batting: LHB Josh Slusarczyk 0-0: Ball
1-0: Called Strike
1-1: Ball
2-1: Called Strike
2-2: Fly out, F6 (Popup, 6D, EV 55.0 MPH)
Batting: RHB Min-chin Yi 0-0: Swinging Strike
0-1: Ball
1-1: Ball
2-1: Foul Ball, location: 2F
2-2: Ball
3-2: Foul Ball, location: 2F
3-2: Foul Ball, location: 2F
3-2: Base on Balls
Batting: LHB Alejandro Matos 0-0: Called Strike
0-1: Ball
1-1: Swinging Strike
1-2: Ball
2-2: Ball
3-2: Base on Balls
Min-chin Yi to second
Batting: LHB Corey Lewis 0-0: Ball
1-0: Ball
2-0: Fly out, F7 (Flyball, 7, EV 91.3 MPH)
Batting: LHB Tsutomu Miyahara 0-0: Called Strike
0-1: Ball
1-1: Swinging Strike
1-2: Ball
2-2: Fly out, F8 (Flyball, 89M, EV 85.0 MPH)
Bottom of the 2nd over - 0 runs, 0 hits, 0 errors, 2 left on base; Tennessee 0 - San Antonio 0
TOP OF THE 3RD
Tennessee Smokies batting - Pitching for San Antonio Missions : RHP Jordan Arredondo
Batting: RHB John Iddings 0-0: Ball
1-0: Called Strike
1-1: Called Strike
1-2: Fly out, F5 (Line Drive, 5, EV 64.4 MPH)
Batting: RHB Sean Espejo 0-0: Ball
1-0: Foul Ball, location: 2F
1-1: Ground out 2-3 (Groundball, 13S, EV 68.8 MPH)
Batting: LHB Brent Dutcher 0-0: Ball
1-0: Foul Ball, location: 2F
1-1: Called Strike
1-2: Strikes out looking
Top of the 3rd over - 0 runs, 0 hits, 0 errors, 0 left on base; Tennessee 0 - San Antonio 0
BOTTOM OF THE 3RD
San Antonio Missions batting - Pitching for Tennessee Smokies : RHP Mike Borell
Batting: LHB Ryan Flynn Jr. 0-0: SINGLE (Groundball, 5L, EV 102.5 MPH)
Batting: LHB Conrad Taylor 0-0: Ball
1-0: Ball
Ryan Flynn Jr. steals 2nd base (no throw)
2-0: Ball
3-0: Foul Ball, location: 2F
3-1: Called Strike
3-2: Foul Ball, location: 2F
3-2: Foul Ball, location: 2F
3-2: Foul Ball, location: 2F
3-2: Fly out, F8 (Flyball, 8RD, EV 81.9 MPH)
Runner from 2nd tags up, SAFE at 3rd with throw by CF
Pitching: RHP Rashid bin Ala'
Batting: RHB Kyle Davis 0-0: Called Strike
0-1: Foul Ball, location: 2F
0-2: Ball
1-2: Foul Ball, location: 2F
1-2: Ball
2-2: Ball
3-2: Base on Balls
Batting: RHB Scott Schwartz 0-0: Called Strike
0-1: Ball
1-1: Ball
2-1: Fielders Choice at 2nd, 6-4 (Groundball, 6, EV 84.4 MPH)
Ryan Flynn Jr. scores
Batting: LHB Josh Slusarczyk 0-0: Ball
Scott Schwartz steals 2nd base
1-0: Ball
2-0: Fly out, F8 (Flyball, 8RM, EV 80.6 MPH)
Bottom of the 3rd over - 1 run, 1 hit, 0 errors, 1 left on base; Tennessee 0 - San Antonio 1
TOP OF THE 4TH
Tennessee Smokies batting - Pitching for San Antonio Missions : RHP Jordan Arredondo
Batting: RHB Vij Ramamani 0-0: Foul Ball, location: 2F
0-1: Foul Ball, location: 2F
0-2: Ball
1-2: Ball
2-2: Ball
3-2: SOLO HOME RUN (Flyball, 7LD, EV 92.5 MPH), Distance : 339 ft
Batting: RHB Bobby Gray 0-0: Foul Ball, location: 2F
0-1: Ball
1-1: Ground out U3 (Groundball, 13, EV 86.3 MPH)
Batting: LHB Brian Newton 0-0: Called Strike
0-1: Foul Ball, location: 2F
0-2: Foul Ball, location: 2F
0-2: Foul Ball, location: 2F
0-2: Ball
1-2: Strikes out swinging
Batting: RHB Nick Kleckner 0-0: Ball
1-0: Called Strike
1-1: Foul Ball, location: 2F
1-2: Ball
2-2: Ball
3-2: Strikes out swinging
Top of the 4th over - 1 run, 1 hit, 0 errors, 0 left on base; Tennessee 1 - San Antonio 1
BOTTOM OF THE 4TH
San Antonio Missions batting - Pitching for Tennessee Smokies : RHP Rashid bin Ala'
Batting: RHB Min-chin Yi 0-0: Ball
1-0: Called Strike
1-1: Ball
2-1: Foul Ball, location: 2F
2-2: Foul Ball, location: 2F
2-2: Ball
3-2: Fly out, F6 (Flyball, 5D, EV 85.6 MPH)
Pitching: RHP Bob Gilliam
Batting: LHB Alejandro Matos 0-0: Ball
1-0: Fly out, F6 (Popup, 56D, EV 64.4 MPH)
Batting: LHB Corey Lewis 0-0: Ball
1-0: Ball
2-0: Swinging Strike
2-1: Foul Ball, location: 2F
2-2: Ball
3-2: Base on Balls
Batting: LHB Tsutomu Miyahara 0-0: Ball
1-0: Called Strike
1-1: Ball
2-1: Ball
3-1: SINGLE (Flyball, 3D, EV 81.9 MPH)
Corey Lewis to second
Runner from 2nd tries for 3rd, OUT! 9-5
Bottom of the 4th over - 0 runs, 1 hit, 0 errors, 1 left on base; Tennessee 1 - San Antonio 1
TOP OF THE 5TH
Tennessee Smokies batting - Pitching for San Antonio Missions : RHP Jordan Arredondo
Batting: RHB Brian Warren 0-0: SINGLE (Groundball, 56D, EV 96.3 MPH)
Batting: SHB Rich Ranaldi 0-0: Ball
1-0: Foul Ball, location: 2F
1-1: Foul Ball, location: 2F
1-2: Fly out, F9 (Flyball, 9, EV 92.5 MPH)
Batting: RHB John Iddings 0-0: Called Strike
0-1: Swinging Strike
0-2: Ball
1-2: Strikes out swinging
Batting: RHB Sean Espejo 0-0: Ball
1-0: Ball
2-0: Called Strike
2-1: Ball
3-1: Called Strike
3-2: Strikes out swinging
Top of the 5th over - 0 runs, 1 hit, 0 errors, 1 left on base; Tennessee 1 - San Antonio 1
BOTTOM OF THE 5TH
San Antonio Missions batting - Pitching for Tennessee Smokies : RHP Bob Gilliam
Batting: LHB Ryan Flynn Jr. 0-0: Ball
1-0: Ball
2-0: Ball
3-0: Called Strike
3-1: Swinging Strike
3-2: Ground out U3 (Groundball, 34S, EV 70.0 MPH)
Pitching: RHP Heriberto Esquivel
Batting: LHB Conrad Taylor 0-0: Ball
1-0: Ball
2-0: Ball
3-0: Called Strike
3-1: Foul Ball, location: 2F
3-2: Base on Balls
Batting: RHB Kyle Davis 0-0: Ball
1-0: Called Strike
1-1: Ball
2-1: Foul Ball, location: 2F
2-2: Foul Ball, location: 2F
2-2: SINGLE (Groundball, 4MD, EV 103.1 MPH)
Conrad Taylor to second
Runner from 2nd tries for 3rd, SAFE, throw by CF made to third
Batting: RHB Scott Schwartz 0-0: Ball
1-0: Ball
Kyle Davis steals 2nd base
2-0: Called Strike
2-1: Fly out, F8 (Flyball, 8RM, EV 94.4 MPH)
Batting: LHB Josh Slusarczyk 0-0: Ball
1-0: Called Strike
1-1: Swinging Strike
1-2: Ball
2-2: Foul Ball, location: 2F
2-2: Foul Ball, location: 2F
2-2: Foul Ball, location: 2F
2-2: Strikes out swinging
Bottom of the 5th over - 0 runs, 1 hit, 0 errors, 2 left on base; Tennessee 1 - San Antonio 1
TOP OF THE 6TH
Tennessee Smokies batting - Pitching for San Antonio Missions : RHP Jordan Arredondo
Batting: LHB Brent Dutcher 0-0: Ground out 4-3 (Groundball, 4, EV 90.0 MPH)
Batting: RHB Vij Ramamani 0-0: Swinging Strike
0-1: Ball
1-1: Called Strike
1-2: Foul Ball, location: 2F
1-2: Ball
2-2: Ball
3-2: Ground out 5-3 (Groundball, 56, EV 85.6 MPH)
Batting: RHB Bobby Gray 0-0: Ball
1-0: Foul Ball, location: 2F
1-1: Fly out, F7 (Flyball, 7, EV 90.6 MPH)
Top of the 6th over - 0 runs, 0 hits, 0 errors, 0 left on base; Tennessee 1 - San Antonio 1
BOTTOM OF THE 6TH
San Antonio Missions batting - Pitching for Tennessee Smokies : RHP Heriberto Esquivel
Pitching: RHP Heef Harted
Batting: RHB Min-chin Yi 0-0: Foul Ball, location: 2F
0-1: Ground out U3 (Groundball, 34S, EV 63.8 MPH)
Batting: LHB Alejandro Matos 0-0: Foul Ball, location: 2F
0-1: Ball
1-1: Ball
2-1: Ball
3-1: Base on Balls
Batting: LHB Corey Lewis 0-0: Ball
1-0: Foul Ball, location: 2F
1-1: Ball
2-1: Ball
3-1: 2-RUN HOME RUN (Flyball, 89XD, EV 99.4 MPH), Distance : 401 ft
Batting: LHB Tsutomu Miyahara 0-0: Foul Ball, location: 2F
0-1: Swinging Strike
0-2: Strikes out swinging
Batting: LHB Ryan Flynn Jr. 0-0: Ball
1-0: Swinging Strike
1-1: SINGLE (Groundball, 34D, EV 95.6 MPH)
Batting: LHB Conrad Taylor 0-0: Ball
Balk!
Ryan Flynn Jr. to second
1-0: Foul Ball, location: 2F
1-1: Called Strike
1-2: Foul Ball, location: 2F
1-2: Fly out, F8 (Flyball, 89S, EV 93.1 MPH)
Bottom of the 6th over - 2 runs, 2 hits, 0 errors, 1 left on base; Tennessee 1 - San Antonio 3
TOP OF THE 7TH
Tennessee Smokies batting - Pitching for San Antonio Missions : RHP Jordan Arredondo
Batting: LHB Brian Newton 0-0: Called Strike
0-1: Ball
1-1: Ball
2-1: Foul Ball, location: 2F
2-2: Strikes out looking
Batting: RHB Nick Kleckner 0-0: Ball
1-0: Foul Ball, location: 2F
1-1: Swinging Strike
1-2: Strikes out swinging
Batting: RHB Brian Warren 0-0: Ball
1-0: Ball
2-0: Ball
3-0: Base on Balls
Batting: SHB Rich Ranaldi 0-0: Called Strike
0-1: Ball
1-1: Ball
2-1: Ground out 4-3 (Groundball, 34, EV 110.6 MPH)
Top of the 7th over - 0 runs, 0 hits, 0 errors, 1 left on base; Tennessee 1 - San Antonio 3
BOTTOM OF THE 7TH
San Antonio Missions batting - Pitching for Tennessee Smokies : RHP Heef Harted
Batting: RHB Kyle Davis 0-0: Ball
1-0: Ball
2-0: Foul Ball, location: 2F
2-1: Foul Ball, location: 2F
2-2: Foul Ball, location: 2F
2-2: Ball
3-2: Base on Balls
Batting: RHB Scott Schwartz 0-0: Foul Ball, location: 2F
0-1: Ball
1-1: SINGLE (Groundball, 56D, EV 108.8 MPH)
Kyle Davis to second
Batting: LHB Josh Slusarczyk 0-0: Called Strike
0-1: Foul Ball, location: 2F
0-2: Ball
1-2: Ball
2-2: Ball
3-2: Base on Balls
Kyle Davis to third
Scott Schwartz to second
Batting: RHB Min-chin Yi 0-0: Ball
1-0: Called Strike
1-1: Ball
2-1: Ball
3-1: Base on Balls
Kyle Davis scores
Scott Schwartz to third
Josh Slusarczyk to second
Batting: LHB Alejandro Matos 0-0: Ball
1-0: Ball
2-0: Foul Ball, location: 2F
2-1: Ball
3-1: Base on Balls
Scott Schwartz scores
Josh Slusarczyk to third
Min-chin Yi to second
Batting: LHB Corey Lewis 0-0: Ball
1-0: Foul Ball, location: 2F
1-1: Swinging Strike
1-2: GRAND SLAM HOME RUN (Flyball, 89XD, EV 100.6 MPH), Distance : 393 ft
Pitching: RHP Chris Rosinsky
Batting: LHB Tsutomu Miyahara 0-0: Ball
1-0: Ball
2-0: Ball
3-0: Base on Balls
Batting: LHB Ryan Flynn Jr. 0-0: Called Strike
0-1: Ball
1-1: SINGLE (Line Drive, 78S, EV 96.9 MPH)
Tsutomu Miyahara to second
Batting: LHB Conrad Taylor 0-0: Ball
1-0: Called Strike
1-1: SINGLE (Groundball, 56D, EV 106.9 MPH)
Tsutomu Miyahara to third
Ryan Flynn Jr. to second
Runner from 3rd tries for Home, SAFE, throw by LF to home
Batting: RHB Kyle Davis 0-0: Ball
1-0: Called Strike
1-1: Ball
2-1: Ball
3-1: Foul Ball, location: 2F
3-2: Base on Balls
Ryan Flynn Jr. to third
Conrad Taylor to second
Batting: RHB Scott Schwartz 0-0: Ball
1-0: Ball
2-0: Swinging Strike
2-1: Foul Ball, location: 2F
2-2: SINGLE (Line Drive, 8RM, EV 92.5 MPH)
Ryan Flynn Jr. scores
Conrad Taylor to third
Kyle Davis to second
Pitching: RHP Heitaro Tanaka
Pinch Hitting: SHB Ryohei Nakano 0-0: Ball
1-0: Ball
Wild Pitch!
Conrad Taylor scores
Kyle Davis to third
Scott Schwartz to second
2-0: Ball
3-0: Base on Balls
Batting: RHB Min-chin Yi 0-0: Ball
Balk!
Kyle Davis scores
Scott Schwartz to third
Ryohei Nakano to second
1-0: Ball
2-0: Called Strike
2-1: Ball
3-1: Base on Balls
Batting: LHB Alejandro Matos 0-0: Called Strike
0-1: Ball
1-1: Ball
Wild Pitch!
Scott Schwartz scores
Ryohei Nakano to third
Min-chin Yi to second
2-1: Ball
3-1: Base on Balls
Batting: LHB Corey Lewis 0-0: Ball
1-0: Foul Ball, location: 2F
1-1: Ball
2-1: Foul Ball, location: 2F
2-2: Ball
3-2: Base on Balls
Ryohei Nakano scores
Min-chin Yi to third
Alejandro Matos to second
Batting: LHB Tsutomu Miyahara 0-0: Ball
1-0: Called Strike
1-1: Grounds into double play, 4-6-3 (Groundball, 4, EV 85.6 MPH)
Min-chin Yi scores
Alejandro Matos to third
Batting: LHB Ryan Flynn Jr. 0-0: Ball
1-0: Foul Ball, location: 2F
1-1: SINGLE (Line Drive, 89M, EV 105.6 MPH)
Alejandro Matos scores
Batting: LHB Conrad Taylor Pickoff Throw to First - Error! E1
Ryan Flynn Jr. to second
0-0: Foul Ball, location: 2F
0-1: Ball
1-1: Ball
2-1: Foul Ball, location: 2F
2-2: Ball
3-2: Base on Balls
Batting: RHB Kyle Davis 0-0: Ball
1-0: Swinging Strike
1-1: Foul Ball, location: 2F
1-2: Fielders Choice at 2nd, 5-4 (Groundball, 5L, EV 83.1 MPH)
Bottom of the 7th over - 14 runs, 6 hits, 1 error, 2 left on base; Tennessee 1 - San Antonio 17
TOP OF THE 8TH
Tennessee Smokies batting - Pitching for San Antonio Missions : RHP Jordan Arredondo
Now at SS: Ryohei Nakano
Batting: RHB John Iddings 0-0: Ball
1-0: Ball
2-0: Ball
3-0: Called Strike
3-1: Called Strike
3-2: Foul Ball, location: 2F
3-2: Foul Ball, location: 2F
3-2: Base on Balls
Pitching: RHP David Deon
Batting: RHB Sean Espejo 0-0: Ball
1-0: Ball
2-0: Foul Ball, location: 2F
2-1: Foul Ball, location: 2F
2-2: Strikes out swinging
Batting: LHB Brent Dutcher 0-0: Called Strike
0-1: Ball
1-1: Foul Ball, location: 2F
1-2: Strikes out looking
Batting: RHB Vij Ramamani 0-0: Ball
1-0: Ground out 4-3 (Groundball, 34, EV 88.8 MPH)
Top of the 8th over - 0 runs, 0 hits, 0 errors, 1 left on base; Tennessee 1 - San Antonio 17
BOTTOM OF THE 8TH
San Antonio Missions batting - Pitching for Tennessee Smokies : RHP Heitaro Tanaka
Batting: RHB Scott Schwartz 0-0: Called Strike
0-1: Fly out, F8 (Line Drive, 8LD, EV 92.5 MPH)
Batting: SHB Ryohei Nakano 0-0: Foul Ball, location: 2F
0-1: Ball
1-1: Fly out, F6 (Flyball, 5D, EV 88.8 MPH)
Batting: RHB Min-chin Yi 0-0: Ball
1-0: Ball
2-0: Called Strike
2-1: Ball
3-1: Base on Balls
Batting: LHB Alejandro Matos 0-0: Ball
1-0: DOUBLE (Line Drive, 7LS, EV 110.6 MPH)
Min-chin Yi to third
Batting: LHB Corey Lewis 0-0: Called Strike
0-1: Swinging Strike
0-2: Ground out 3-1 (Groundball, 3D, EV 86.9 MPH)
Bottom of the 8th over - 0 runs, 1 hit, 0 errors, 2 left on base; Tennessee 1 - San Antonio 17
TOP OF THE 9TH
Tennessee Smokies batting - Pitching for San Antonio Missions : RHP David Deon
Batting: RHB Bobby Gray 0-0: Ground out 4-3 (Groundball, 4, EV 88.1 MPH)
Batting: LHB Brian Newton 0-0: Called Strike
0-1: Swinging Strike
0-2: Strikes out looking
Batting: RHB Nick Kleckner 0-0: Ball
1-0: Foul Ball, location: 2F
1-1: Ball
2-1: Called Strike
2-2: Hit by Pitch
Batting: RHB Brian Warren 0-0: Swinging Strike
0-1: Foul Ball, location: 2F
0-2: Strikes out swinging
Top of the 9th over - 0 runs, 0 hits, 0 errors, 1 left on base; Tennessee 1 - San Antonio 17
Thursday, March 31st , 2022 - OOTP Baseball 22.12 Build 89